 Dungeon Crawl Stone Soup version 0.30-a0-718-geaa24f58ff (webtiles) character file.

Game seed: 12632011933117074605

173 ThreePointFourteen the Chopper (level 5, -4/47 HPs)
             Began as a Hill Orc Fighter on Jan 26, 2023.
             Slain by a gnoll sergeant
             ... wielding a +0 trident
              (6 damage)
             ... on level 3 of the Dungeon.
             The game lasted 00:02:50 (1960 turns).

ThreePointFourteen the Chopper (Hill Orc Fighter)   Turns: 1960, Time: 00:02:51

Health: -4/47      AC:  7    Str: 21    XL:     5   Next: 53%
Magic:  5/5        EV:  9    Int:  8    God:
Gold:   103        SH:  4    Dex: 10    Spells: 4/4 levels left

rFire   . . .      SeeInvis .    a - +0 war axe
rCold   . . .      Faith    .    c - +0 buckler
rNeg    . . .      Spirit   .    b - +0 scale mail
rPois   .          Reflect  .    (no helmet)
rElec   .          Harm     .    (no cloak)
rCorr   .          Rampage  .    (no gloves)
Will    .....                    (no boots) Stlth
                                 (no amulet)
HPRegen 0.27/turn                (no ring)
MPRegen 0.09/turn                (no ring)

@: mighty, weakened
A: no striking features
a: no special abilities


You were on level 3 of the Dungeon.
You visited 1 branch of the dungeon, and saw 3 of its levels.

You collected 103 gold pieces.

Inventory:

Hand Weapons
 a - a +0 war axe (weapon)
Armour
 b - a +0 scale mail (worn)
 c - a +0 buckler (worn)
Jewellery
 j - a ring of flight
 p - an amulet of regeneration
Scrolls
 e - a scroll of amnesia {unknown}
 h - a scroll of teleportation {unknown}
 k - a scroll of vulnerability {unknown}
 m - 2 scrolls of identify {unknown}
 n - a scroll of torment {unknown}
Potions
 d - a potion of might
 f - a potion of berserk rage {unknown}
 g - a potion of haste {unknown}
 i - a potion of mutation {unknown}
 l - 3 potions of heal wounds {unknown}
 o - a potion of flight {unknown}


   Skills:
 + Level 4.5 Fighting
 * Level 5.0 Axes
 + Level 4.2 Armour
 + Level 4.1 Shields


You had 4 spell levels left.
You didn't know any spells.
Your spell library contained the following spells:

 Spells                   Type           Power      Damage    Failure   Level
 Apportation              Tloc           0%         N/A       83%         1
 Hailstorm                Conj/Ice       0%         3d3       99%         3
 Ice Form                 Ice/Tmut       0%         N/A       100%        4
 Alistair's Intoxication  Tmut/Pois      0%         N/A       100%        5
 Simulacrum               Ice/Necr       0%         N/A       100%        6


Dungeon Overview and Level Annotations

Branches:
Dungeon (3/15)

Altars:
Kikubaaqudgha

Shops:
D:2 =


Message History

You block the gnoll's attack.
A gnoll comes into view. It is wielding a +0 club.
The gnoll barely misses you.
You closely miss the gnoll.
The gnoll is severely wounded.
The gnoll hits you with a +0 spear.
You hit the orc.
The orc is almost dead.
You barely miss the gnoll.
The gnoll sergeant hits you from afar with a +0 trident!
The orc hits you with a +0 short sword. The gnoll misses you.
You feel very mighty all of a sudden.
The gnoll sergeant hits you but does no damage.
The gnoll barely misses you. The gnoll hits you but does no damage.
The orc hits you with a +0 short sword. The gnoll hits you but does no damage.
You slash the orc!
You kill the orc!
You hit the gnoll but do no damage.
The gnoll sergeant hits you from afar with a +0 trident.
* * * LOW HITPOINT WARNING * * *
The gnoll hits you but does no damage.
The gnoll hits you from afar with a +2 vampiric spear.
* * * LOW HITPOINT WARNING * * *
The gnoll bouda gazes fiercely through you!
You feel as though you will be weak longer.
The gnoll misses you. You block the gnoll sergeant's attack.
The gnoll barely misses you.
The gnoll hits you with a +2 vampiric spear!
* * * LOW HITPOINT WARNING * * *
The gnoll bouda barks out a call to the hunt!
The gnolls pick up the pace!
The gnoll hits you but does no damage. The gnoll barely misses you.
You see here a +0 short sword.
The gnoll attacks as you move away! The gnoll barely misses you.
The gnoll sergeant attacks as you move away!
The gnoll sergeant hits you with a +0 trident.
* * * LOW HITPOINT WARNING * * *
The gnoll hits you but does no damage.
The gnoll sergeant hits you from afar with a +0 trident.
You die...

..P.... ...... ≈~~~ ≈~≈
##### #...#
#...###############
###'#....'........#
#.#....###@########
#.#(...#$#g)ggo....
#)###'##:#gggg.....
#).)...#[#oogo.....
#.))...#.+.........
#.#########################
#.#...........#....#.......
#.'...........'....))).....
#+#...........#....#)......


You could see a gnoll sergeant (swift), a gnoll bouda, 6 gnolls and 4 orcs.

Vanquished Creatures
  A gnoll bouda (D:3)
  6 gnolls (D:3)
  2 adders (D:2)
  A worm (D:2)
  A dart slug (D:2)
  10 orcs (D:3)
  A bat (D:1)
  3 endoplasms
  2 giant cockroaches (D:1)
  5 goblins
  3 hobgoblins
  4 jackals (D:3)
  3 quokkas
  3 ball pythons
  A frilled lizard (D:1)
  2 kobolds
  7 rats
55 creatures vanquished.

Notes
Turn   | Place    | Note
-------+----------+-------------------------------------------
     0 | D:1      | ThreePointFourteen the Hill Orc Fighter began the quest for
                  | the Orb.
     0 | D:1      | Reached XP level 1. HP: 19/19 MP: 1/1
    89 | D:1      | HP: 1/20 [quokka (2)]
   195 | D:1      | Reached skill level 3 in Axes
   258 | D:1      | Reached XP level 2. HP: 20/27 MP: 2/2
   876 | D:1      | Found a faded altar of an unknown god.
   974 | D:2      | Reached XP level 3. HP: 22/33 MP: 3/3
  1223 | D:2      | Found Sunuzeg's Jewellery Shop.
  1378 | D:2      | Found an ancient bone altar of Kikubaaqudgha.
  1386 | D:2      | Reached skill level 4 in Axes
  1556 | D:3      | Reached XP level 4. HP: 34/40 MP: 4/4
  1794 | D:3      | Reached XP level 5. HP: 17/47 MP: 5/5
  1801 | D:3      | Reached skill level 5 in Axes
  1959 | D:3      | HP: 2/47 [gnoll/+2 vampiric spear (9)]
  1960 | D:3      | Slain by a gnoll sergeant

Illustrated notes

Levels and vault maps discovered:
D:1:      shiori_arrival_elements, layout_basic,
          shapermc_ecumenical_altar_totnotflames, minmay_surrounded
D:2:      layout_rooms, serial_shops, nicolae_shop_trees, basic_altar
D:3:      lemuel_castle_with_subvaults [lemuel_castle_interior_carwin_1],
          layout_basic

Skill      XL: |  1  2  3  4  5 |
---------------+----------------+-----
Axes           | 3 4 5 |  5.0
Fighting       | 4 |  4.5
Armour         | 4 |  4.2
Shields        | 4 |  4.1

Action                     |  1- 3 |  4- 6 || total
---------------------------+-------+-------++-------
  Melee: War axe           |   103 |    53 ||   156
    Use: Potion            |       |     2 ||     2
 Armour: Scale mail        |    48 |    34 ||    82
  Dodge: Dodged            |    53 |    44 ||    97
  Block: Buckler           |    25 |    31 ||    56

Table legend: (Time is in decaauts)
 A = Elapsed time spent in this place.
 B = Non-inter-level travel time spent in this place.
 C = Inter-level travel time spent in this place.
 D = Time resting spent in this place.
 E = Time spent auto-exploring this place.
 F = Levels seen in this place.
 G = Mean time per level.
                   A        B        C        D        E       F      G
               +--------+--------+--------+--------+--------+-----+--------+
         Total |   2013 |   1984 |     29 |      0 |   1605 |   3 |  671.0 |
       Dungeon |   2013 |   1984 |     29 |      0 |   1605 |   3 |  671.0 |
               +--------+--------+--------+--------+--------+-----+--------+

Top non-repeatable levels by time:
     D:1: 969 daAuts
     D:2: 618 daAuts
     D:3: 425 daAuts
